 Dungeon Crawl Stone Soup version 0.30-a0-368-g86fb4627a9 (webtiles) character file.

Game seed: 6767132121324660533

3 flotson the Sneak (level 1, 0/18 HPs)
             Began as a Demonspawn Delver on Nov 20, 2022.
             Succumbed to an adder's poison
             ... on level 3 of the Dungeon.
             The game lasted 00:01:34 (274 turns).

flotson the Sneak (Demonspawn Delver)                Turns: 274, Time: 00:01:34

Health: 0/18       AC:  3    Str: 12    XL:     1   Next: 41%
Magic:  1/1        EV: 11    Int: 11    God:
Gold:   6          SH:  0    Dex: 14    Spells: 0/0 levels left

rFire   . . .      SeeInvis .    e - +0 flail
rCold   . . .      Faith    .    (no shield)
rNeg    . . .      Spirit   .    b - +0 leather armour
rPois   .          Reflect  .    (no helmet)
rElec   .          Harm     .    (no cloak)
rCorr   .          Rampage  .    (no gloves)
Will    .....                    (no boots)
Stlth   ++........               (no amulet)
HPRegen 0.23/turn                (no ring)
MPRegen 0.07/turn                (no ring)

@: lethally poisoned (0 -> -2)
A: no striking features
a: no special abilities


You were on level 3 of the Dungeon.
You visited 1 branch of the dungeon, and saw 4 of its levels.

You collected 6 gold pieces.

Inventory:

Hand Weapons
 a - a +0 spear
 e - a +0 flail (weapon)
Armour
 b - a +0 leather armour (worn)
Wands
 g - a wand of digging (3)
Scrolls
 c - a scroll of fog
 d - a scroll of magic mapping
 f - a scroll of identify {unknown}


   Skills:
 + Level 3.0 Fighting
 - Level 1.7 Polearms
 + Level 0.2 Armour
 + Level 1.8 Dodging
 - Level 4.5 Stealth
 + Level 0.2 Evocations


You couldn't memorise any spells.
You didn't know any spells.
Your spell library was empty.

Dungeon Overview and Level Annotations

Branches:
Dungeon (5/15)
 Temple: D:4-7

Altars:

Annotations:
D:4 Pikel


Message History

Found a flail.
Found a rapier.
You see here a +0 flail.
e - a +0 flail (weapon)
Found a scroll labelled EFEGGUWK KISA.
Found a stone staircase leading down.
f - a scroll labelled EFEGGUWK KISA
Things that are here:
a +0 short sword; a kobold corpse You closely miss the adder.
The adder is moderately wounded.
The adder barely misses you.
You closely miss the adder.
The adder is moderately wounded.
You start to feel less resistant.
The adder bites you.
You are poisoned.
The adder poisons you! The adder closely misses you.
You sock the adder!
The adder is severely wounded.
You feel sick. The adder bites you.
You are lethally poisoned!
The adder poisons you! The adder misses you.
You barely miss the adder.
The adder is severely wounded.
* * * LOW HITPOINT WARNING * * *
You feel very sick. The adder barely misses you. The adder misses you.
You closely miss the adder.
The adder is severely wounded.
* * * LOW HITPOINT WARNING * * *
You feel sick. The adder barely misses you. The adder closely misses you.
You barely miss the adder.
The adder is severely wounded.
Your resistance to elements expires.
* * * LOW HITPOINT WARNING * * *
You feel sick. The adder bites you but does no damage.
You closely miss the adder.
The adder is severely wounded.
You die...

#......###..#
#..###......#
###...##.#
#........#
##.......######
###..............
...........######
#.##.......#
#.##.@.....#
#.##S#######
###.##)#
########......#
###...>#....#####
.......#....# ###
.##....#..S## ..
##..(......# #.#
#...####...###..


You could see an adder.

Vanquished Creatures
  An endoplasm (D:3)
  2 bats (D:3)
  A kobold (D:3)
4 creatures vanquished.

Notes
Turn   | Place    | Note
-------+----------+-------------------------------------------
     0 | D:5      | flotson the Demonspawn Delver began the quest for the Orb.
     0 | D:5      | Reached XP level 1. HP: 18/18 MP: 1/1
    37 | D:5      | Noticed an orc priest
    89 | D:4      | Noticed a lemure
    90 | D:4      | Noticed Pikel
    90 | D:4      | Noticed a lemure
    90 | D:4      | Noticed a lemure
    90 | D:4      | Noticed a lemure
   152 | D:3      | Noticed an orc wizard
   274 | D:3      | Succumbed to an adder's poison

Illustrated notes

Levels and vault maps discovered:
D:2:      layout_rooms, basic_altar, uniq_natasha
D:3:      layout_rooms, mainiacjoe_overflow_boulevard, chequers_arboretum,
          kennysheep_nub, chequers_mini_garden, minmay_misc_feat_iff,
          kennysheep_generic_room_13
D:4:      layout_gridville, nicolae_qazlal_style_of_elements,
          lemuel_coloured_pillars_altar, zin_statuary,
          minmay_temple_entry_glassed_door, serial_shops,
          nicolae_shop_temple_entry_statues_fountains, minivault_11,
          minmay_liquid_box, nicolae_titane, uniq_crazy_yiuf_cottage, uniq_pikel
D:5:      layout_layer_cave, grunt_gozag_statues, nicolae_shop_overcharged_wands

Action                   || total
-------------------------++-------
Melee: Spear             ||    20
       Flail             ||     7
  Use: Potion            ||     2
       Scroll            ||     1
 Stab: Sleeping          ||     1
Armor: Leather armour    ||     9
Dodge: Dodged            ||    19

Table legend: (Time is in decaauts)
 A = Elapsed time spent in this place.
 B = Non-inter-level travel time spent in this place.
 C = Inter-level travel time spent in this place.
 D = Time resting spent in this place.
 E = Time spent auto-exploring this place.
 F = Levels seen in this place.
 G = Mean time per level.
                   A        B        C        D        E       F      G
               +--------+--------+--------+--------+--------+-----+--------+
         Total |    258 |    258 |      0 |     30 |     54 |   4 |   64.5 |
       Dungeon |    258 |    258 |      0 |     30 |     54 |   4 |   64.5 |
               +--------+--------+--------+--------+--------+-----+--------+

Top non-repeatable levels by time:
     D:3: 148 daAuts
     D:4: 58 daAuts
     D:5: 50 daAuts
     D:2: 1 daAuts
